 Dungeon Crawl Stone Soup version 0.28.0-43-g3370ac3207 (webtiles) character file.

Game seed: 16135568848081353638

49 pkoi the Changer (level 3, -3/17 HPs)
             Began as a Spriggan Transmuter on Mar 6, 2022.
             Killed from afar by Sigmund (10 damage)
             ... with a puff of flame
             ... on level 3 of the Dungeon.
             The game lasted 00:04:27 (3277 turns).

pkoi the Changer (Spriggan Transmuter)              Turns: 3277, Time: 00:04:28

Health: -3/17      AC:  3    Str:  6    XL:     3   Next: 51%
Magic:  8/8        EV: 17    Int: 16    God:
Gold:   637        SH:  0    Dex: 15    Spells: 4/8 levels left

rFire   . . .      SeeInvis +     - Unarmed
rCold   . . .      Faith    .   (no shield)
rNeg    . . .      Spirit   .   a - +1 robe
rPois   .          Reflect  .   (helmet currently unavailable)
rElec   .          Harm     .   (no cloak)
rCorr   .          Rampage  .   (gloves unavailable)
Will    .....                   (boots unavailable)
Stlth   +.........              (no amulet)
HPRegen 0.05/turn               (no ring)
MPRegen 0.11/turn               (no ring)

@: appendages, very quick
A: horns 2, talons 2, very small, no large weapons, unfitting armour, see
invisible, speed 3
a: End Transformation


You were on level 3 of the Dungeon.
You had temporarily grown beastly horns and talons.
You visited 1 branch of the dungeon, and saw 4 of its levels.

You collected 637 gold pieces.

Inventory:

Hand Weapons
 l - a +1 dagger
Armour
 a - a +1 robe (worn)
 f - an orb of guile
Scrolls
 e - a scroll of fog
Potions
 b - a potion of degeneration {unknown}
 g - a potion of curing
 h - 2 potions of attraction {unknown}
 i - a potion of heal wounds


   Skills:
 - Level 0.7 Fighting
 + Level 2.9 Dodging
 * Level 3.1 Unarmed Combat
 + Level 3.3 Spellcasting
 + Level 3.5 Transmutations
 + Level 0.0 Poison Magic


You had 4 spell levels left.
You knew the following spells:

 Your Spells              Type           Power      Damage    Failure   Level
a - Beastly Appendage     Tmut           26%        N/A       4%          1
b - Spider Form           Tmut/Pois      8%         N/A       26%         3

Your spell library contained the following spells:

 Spells                   Type           Power      Damage    Failure   Level
 Wereblood                Tmut           13%        N/A       6%          2
 Ice Form                 Ice/Tmut       8%         N/A       65%         4


Dungeon Overview and Level Annotations

Branches:
Dungeon (4/15)
 Temple: D:4-7

Altars:

Shops:
D:2 [

Annotations:
D:3 Sigmund


Innate Abilities, Weirdness & Mutations

You have temporarily grown beastly horns and talons.
You are very small and have problems with some larger weapons.
You are too small for most types of armour.
You have supernaturally acute eyesight. (SInv)
You cover ground extremely quickly. (Speed+++)


Message History

g - a potion of curing You start resting.
HP restored.
You start waiting.
An orc comes into view. It is wielding a +0 short sword.
An orc is nearby!
The orc shouts!
You hear a shout! x2
You grow a pair of large bovine horns.
Your feet morph into talons.
You closely miss the orc. You claw the orc. You headbutt the orc.
The orc is heavily wounded.
An orc wizard comes into view. It is wielding a +0 dagger.
The orc hits you with a +0 short sword.
* * * LOW HITPOINT WARNING * * *
You hit the orc.
The orc is heavily wounded.
The orc barely misses you.
You hit the orc.
You kill the orc!
An orc wizard comes into view. It is wielding a +0 dagger.
A scorpion comes into view.
The orc wizard shouts!
Things that are here:
a +0 short sword; a +0 ring mail The orc wizard casts a spell.
The orc wizard flickers and vanishes for a moment.
The orc wizard casts a spell at you. The magic dart hits you!
* * * LOW HITPOINT WARNING * * *
There is a stone staircase leading up here.
You climb upwards.
You hear the sound of rushing water.
There is an entrance to a sewer on this level.
Hurry and find it before the portal rusts away!
The walls and floor vibrate strangely for a moment.
Level annotation: Sigmund
There is a stone staircase leading down here.
Sigmund completely misses you.
Sigmund points at you and mumbles some strange words.
The puff of flame hits you!
Ouch! That really hurt!
You die...

...................
...###...#............##
...###...#..........b...
...##...................
...............# ......#
...............# ......
...............##......
............>.....#
.........##.....@.#
.........##.@.....#
.........##.......#
..........#.........
.....................
............######..........
....... ..... #..........
...#.. .... #.......... ...#
..... #..........


You could see Sigmund and a bat.

Vanquished Creatures
  An adder (D:3)
  A dart slug (D:2)
  An orc (D:4)
  6 ball pythons
  A bat (D:1)
  2 endoplasms (D:1)
  2 giant cockroaches
  5 goblins
  6 hobgoblins
  3 kobolds
  A frilled lizard (D:3)
  4 rats
33 creatures vanquished.

Notes
Turn   | Place    | Note
-------+----------+-------------------------------------------
     0 | D:1      | pkoi the Spriggan Transmuter began the quest for the Orb.
     0 | D:1      | Reached XP level 1. HP: 9/9 MP: 5/5
   567 | D:1      | Reached XP level 2. HP: 8/14 MP: 4/6
   787 | D:1      | Found a faded altar of an unknown god.
  1635 | D:2      | Found Natootz's Armour Emporium.
  2176 | D:2      | Reached XP level 3. HP: 15/17 MP: 6/8
  2369 | D:3      | Noticed Sigmund
  2671 | D:3      | Identified a scroll of acquirement
  2671 | D:3      | Acquired 588 gold pieces
  2862 | D:3      | Learned a level 3 spell: Spider Form
  3261 | D:4      | Noticed a scorpion
  3277 | D:3      | Killed from afar by Sigmund

Illustrated notes

Levels and vault maps discovered:
D:1:      saegor_arrival_simple_c, layout_loops_corners, basic_ecumenical_altar,
          minmay_liquid_box
D:2:      layout_rooms, serial_shops, shop
D:3:      wad_pebble_path, layout_basic, grunt_temple_overflow_open,
          slow_altar_1, nicolae_vehumet_altar_sigil, serial_corexii_hall,
          corexii_hall_statues_s, chequers_hall_statues_corner_a,
          chequers_hall_statues_wall_a, portal_sewer_entry_b, uniq_ijyb,
          uniq_sigmund, uniq_crazy_yiuf_cottage
D:4:      layout_loops_cross, eino_tiny_chamber

Skill      XL: |  1  2 |
---------------+-------+-----
Transmutations | 3 |  3.5
Spellcasting   | 3 |  3.3
Unarmed Combat | 3 |  3.1
Fighting       | |  0.7
Dodging        | |  2.9

Action                   || total
-------------------------++-------
Melee: Unarmed           ||    93
       Kick              ||    24
       Headbutt          ||    12
       Punch             ||     1
 Cast: Beastly Appendage ||    23
  Use: Scroll            ||    12
       Potion            ||     1
 Stab: Sleeping          ||     2
Armor: Robe              ||    11
Dodge: Dodged            ||    69
